 Dungeon Crawl Stone Soup version 0.23.0-38-g208d714 (webtiles) character file.

Game seed: 6636828313313555703

124 Irenicus the Digger (level 4, -1/36 HPs)
             Began as a Deep Dwarf Earth Elementalist on Feb 27, 2019.
             Killed by divine providence
             ... invoked by an orc priest
              (15 damage)
             ... on level 4 of the Dungeon.
             The game lasted 00:04:41 (691 turns).

Irenicus the Digger (Deep Dwarf Earth Elementalist)  Turns: 691, Time: 00:04:42

Health: -1/36      AC:  2    Str: 11    XL:     4   Next: 81%
Magic:  6/6        EV: 12    Int: 17    God:
Gold:   103        SH:  0    Dex: 13    Spells: 3/6 levels left

rFire    . . .     SeeInvis .   f - +2 mace (protect)
rCold    . . .     Gourm    .   (no shield)
rNeg     . . .     Faith    .   c - +0 robe
rPois    .         Spirit   .   (no helmet)
rElec    .         Reflect  .   (no cloak)
rCorr    .         Harm     .   (no gloves)
MR       .....                  (no boots)
Stlth    ++........             (no amulet)
HPRegen  0.00/turn              (no ring)
MPRegen  0.10/turn              (no ring)

@: non-regenerating
A: damage resistance, heal wounds, sense surroundings 1, no regeneration
a: Heal Wounds


You were on level 4 of the Dungeon.
You were not hungry.

You visited 1 branch of the dungeon, and saw 4 of its levels.

You collected 103 gold pieces.

Inventory:

Hand Weapons
 a - a +0 short sword
   (You took it off a kobold on level 1 of the Dungeon)
 f - a +2 mace of protection (weapon)
   (You found it on level 1 of the Dungeon)
Missiles
 b - 106 stones (quivered)
Armour
 c - a +0 robe (worn)
Jewellery
 n - an uncursed amulet of harm {unknown}
   (You found it on level 4 of the Dungeon)
Scrolls
 g - a scroll of enchant weapon {unknown}
 i - a scroll of fear {unknown}
 j - a scroll of remove curse {unknown}
 l - a scroll of enchant armour {unknown}
Potions
 e - 2 potions of heal wounds {unknown}
 h - a potion of brilliance {unknown}
 k - a potion of agility
 m - a potion of invisibility {unknown}
Comestibles
 d - 2 rations


   Skills:
 - Level 2.1 Dodging
 - Level 2.4 Stealth
 - Level 1.7 Spellcasting
 - Level 0.8 Transmutations
 + Level 7.4 Earth Magic


You had 3 spell levels left.
You knew the following spells:

 Your Spells              Type           Power        Failure   Level  Hunger
a - Sandblast             Erth           ####..       1%          1    #......
w - Passwall              Tmut/Erth      ###.....     5%          2    ###....

Your spell library contained the following spells:

 Spells                   Type           Power        Failure   Level  Hunger
 Stone Arrow              Conj/Erth      ##....       13%         3    ###....
 Lee's Rapid Deconstruct  Erth           ####......   26%         5    ######.
 Petrify                  Tmut/Erth      ###.....     34%         4    #####..


Dungeon Overview and Level Annotations

Branches:
Dungeon (4/15)
 Temple: D:4-7

Altars:
Uskayaw


Innate Abilities, Weirdness & Mutations

You are resistant to damage.
You can heal yourself by infusing magical energy.
You passively map a small area around you.
You do not regenerate.


Message History

You now have 0/5 mp.
It was a potion of agility.
You feel agile all of a sudden. The bullfrog misses you.
The bullfrog barely misses you.
You barely miss the bullfrog.
The adder hisses angrily.
The bullfrog hits you but does no damage.
The bullfrog hits you.
You take 3 damage, and have 18/28 hp.
You thump the bullfrog!
Your weapon exudes an aura of protection.
The bullfrog hits you! The bullfrog completely misses you.
You take 7 damage, and have 11/28 hp.
MASSIVE DAMAGE!!
You closely miss the bullfrog.
The bullfrog hits you but does no damage.
The adder misses you. The bullfrog misses you. The adder misses you.
You closely miss the bullfrog. The bullfrog misses you. The adder misses you.
The bullfrog completely misses you.
You closely miss the bullfrog. The adder closely misses you.
The bullfrog closely misses you. The adder closely misses you.
The bullfrog barely misses you.
You hit the bullfrog.
Your weapon exudes an aura of protection.
The bullfrog barely misses you. The adder bites you but does no damage.
The bullfrog closely misses you. The adder closely misses you.
You hit the bullfrog. The bullfrog misses you. The adder closely misses you.
The bullfrog hits you but does no damage.
The adder closely misses you.
You hit the bullfrog.
You kill the bullfrog!
Your Earth Magic skill gained 2 levels and is now at level 7!
You have reached level 4!
You feel clever.
The adder bites you but does no damage. x2
You regained 4 hp, and now have 15/36 hp.
Aim: an adder The blast of sand misses the adder.
b - 83 stones The adder completely misses you.
You now have 0/6 mp.
You miss the adder. The adder closely misses you. x2
You completely miss the adder. The adder bites you. x2
You take 1 damage, and have 14/36 hp.
You hit the adder.
Your weapon exudes an aura of protection.
The adder barely misses you.
You hit the adder. The adder misses you.
The adder bites you but does no damage.
You sock the adder!
You kill the adder!
You now have 92 gold pieces (gained 6).
You now have 103 gold pieces (gained 11).
You feel a little less agile now.
You open the door.
There is an open door here.
Found a stone staircase leading up.
There is a stone staircase leading up here.
You climb upwards.
A rat and a skeleton come into view.
Found a stone staircase leading up.
There is a stone staircase leading down here.
MP restored: 6 A giant cockroach comes into view.
The rat closely misses you.
You closely miss the rat. The rat barely misses you.
You thump the rat!
Your weapon exudes an aura of protection.
You kill the rat!
The adder skeleton barely misses you. The adder skeleton bites you.
Aim: an adder skeleton The blast of sand hits the adder skeleton!!
You destroy the adder skeleton!
b - 82 stones You now have 5/6 mp.
The giant cockroach misses you.
You hit the giant cockroach.
Your weapon exudes an aura of protection.
The giant cockroach bites you but does no damage. x2
You hit the giant cockroach.
You kill the giant cockroach!
b - 106 stones (gained 24) MP restored: 6
m - a pink potion
e - 2 viscous green potions (gained 1)
There is a stone staircase leading up here.
There is a stone staircase leading down here.
You climb downwards.
There is a stone staircase leading up here.
Found a stone staircase leading up.
There is a stone staircase leading up here.
Found a blackened platinum amulet.
Found a hide-covered altar of Uskayaw.
n - a blackened platinum amulet
There is a hide-covered altar of Uskayaw here. 2 orcs come into view.
An orc priest comes into view. It is wielding a +0 club.
The orc priest moves out of view.
An orc comes into view. It is wielding a +0 mace.
The orc priest invokes the aid of Beogh against you.
Beogh smites you!
You die...

#..#.# ,
#..#.#####......#
#...............#
######.#.#####(..o..#*
, ..........# #......
,, * ######.#..#
oo..o** , #.#..# ..., ,
#.# .# * #.#* , , #.#
.# #@# #.#..# #.# ##
#.#.. ###.######* , ,
.., #....,,,#..........
, ...#
#...#####.#####.### , ,
...# #...#.....#### , ,
#### #...#.###....# , ,
#...#.###.##.# *
######...#.##...#.##.#*


You could see an orc priest and 3 orcs.

Vanquished Creatures
  A bullfrog (D:4)
  An adder (D:4)
  An adder skeleton (D:3)
  3 giant cockroaches
  7 hobgoblins
  4 jackals (D:1)
  4 bats
  4 frilled lizards
  4 goblins
  6 kobolds
  8 rats
43 creatures vanquished.

Notes
Turn   | Place    | Note
-------+----------+-------------------------------------------
     0 | D:1      | Irenicus the Deep Dwarf Earth Elementalist began the quest
                  | for the Orb.
     0 | D:1      | Reached XP level 1. HP: 15/15 MP: 3/3
    69 | D:1      | Reached XP level 2. HP: 19/22 MP: 0/4
   125 | D:1      | Reached skill level 5 in Earth Magic
   291 | D:1      | Reached XP level 3. HP: 21/28 MP: 2/5
   496 | D:2      | Learned a level 2 spell: Passwall
   569 | D:2      | You fall through a shaft for 2 floors!
   570 | D:4      | Noticed a bullfrog
   580 | D:4      | Killed a bullfrog
   580 | D:4      | Reached skill level 7 in Earth Magic
   580 | D:4      | Reached XP level 4. HP: 15/36 MP: 1/6
   674 | D:4      | Found a hide-covered altar of Uskayaw.
   691 | D:4      | Killed from afar by an orc priest

Skill      XL: |  1  2  3 |
---------------+----------+-----
Earth Magic    | 5 7 |  7.4
Dodging        | |  2.1
Stealth        | |  2.4
Spellcasting   | |  1.7
Transmutations | |  0.8

Action                   |  1- 3 |  4- 6 || total
-------------------------+-------+-------++-------
Melee: Short sword       |    24 |       ||    24
       Mace              |    23 |     9 ||    32
 Cast: Sandblast         |    32 |     2 ||    34
       Passwall          |     2 |       ||     2
  Use: Potion            |     1 |       ||     1
 Stab: Sleeping          |     3 |       ||     3
Armor: Robe              |    18 |     5 ||    23
Dodge: Dodged            |    59 |     9 ||    68

Levels and vault maps discovered:
D:1:      minmay_arrival_cross, layout_basic
D:2:      layout_basic, old_standard_altar, first_ration
D:3:      layout_basic, nicolae_ru_awakened_eye, grunt_temple_overflow_open,
          lemuel_round_altar
D:4:      layout_basic, nicolae_overflow_crystal_walls,
          nicolae_overflow_hidden_temple, kiku_gazebo_pond_becter,
          biasface_ghost_orc_armoury

Table legend:
 A = Turns spent in this place as a percentage of turns spent in the entire game.
 B = Non-inter-level travel turns spent in this place as a percentage of non-inter-level travel turns spent in the entire game.
 C = Inter-level travel turns spent in this place as a percentage of turns spent in this place.
 D = Turns resting spent in this place as a percentage of non-inter-level travel turns spent in this place.
 E = Turns spent auto-exploring this place as a percentage of non-inter-level travel turns spent in this place.
 F = Non-inter-level travel turns spent in this place divided by the number of levels of this place that you've seen.
                   A       B       C       D       E      F
               +-------+-------+-------+-------+-------+----------------------
         Total | 100.0 | 100.0 |   0.0 |   0.0 |   0.0 | 172.8
       Dungeon | 100.0 | 100.0 |   0.0 |   0.0 |   0.0 | 172.8
               +-------+-------+-------+-------+-------+----------------------

Table legend:
 A = Kills in this place as a percentage of kills in entire the game.
 B = Kills by you in this place as a percentage of kills by you in the entire game.
 C = Kills by friends in this place as a percentage of kills by friends in the entire game.
 D = Other kills in this place as a percentage of other kills in the entire game.
 E = Experience gained in this place as a percentage of experience gained in the entire game.
 F = Experience gained in this place divided by the number of levels of this place that you have seen.
                   A       B       C       D       E      F
               +-------+-------+-------+-------+-------+----------------------
         Total | 100.0 | 100.0 |   N/A |   N/A | 100.0 |  44.5
       Dungeon | 100.0 | 100.0 |   N/A |   N/A | 100.0 |  44.5
               +-------+-------+-------+-------+-------+----------------------
